Workbook

Sheet Додаток 2 Фін.звіт
B1: Додаток 2
B2: до Порядку складання фінансового плану комунальними некомерційними підприємствами галузі охорони здоров'я міста Запоріжжя та контролю за його виконанням
A4: ЗВІТ ПРО ВИКОНАННЯ ФІНАНСОВОГО ПЛАНУ
A5: Комунального некомерційного підприємства "Центр первинної медико - санітарної допомоги №2"
A6: (назва підприємства)
A7: за 9 місяців 2022 року
F8: тис.грн.
A9: Показники | C9: план | D9: факт | E9: відхи-лення, +/- | F9: % викона-ння плану
A10: 1 | B10: 2 | C10: 3 | D10: 4 | E10: 5 | F10: 6
A11: I. ФОРМУВАННЯ ФІНАНСОВИХ РЕЗУЛЬТАТІВ
A12: ДОХІД, всього | B12: 1100 | C12: =C13+C17+C21 -> 87717.479 | D12: =D13+D17+D21 -> 85342.927 | E12: =D12-C12 -> -2374.552 | F12: =D12/C12*100 -> 97.292955
A13: Дохід (виручка) від реалізації продукції (товарів, робіт, послуг) | B13: 1110 | C13: =SUM(C14:C16) -> 66316.453 | D13: =SUM(D14:D16) -> 66316.451 | E13: =D13-C13 -> -0.002 | F13: =D13/C13*100 -> 99.999997
A14: Доходи надавача послуг за програмою медичних гарантій від НСЗУ | B14: 1111 | C14: 66316.453 | D14: 66316.451 | E14: =D14-C14 -> -0.002 | F14: =D14/C14*100 -> 99.999997
A15: Доходи від надання платних медичних послуг | B15: 1112 | C15: 0 | D15: 0 | E15: =D15-C15 -> 0 | F15: =D15/C15*100 -> #DIV/0!
A16: Доходи від надання медичних послуг за рахунок страхових виплат | B16: 1113 | C16: 0 | D16: 0 | E16: =D16-C16 -> 0 | F16: 0
A17: Доходи за програмами цільового фінансування | B17: 1120 | C17: =SUM(C18:C20) -> 13695.595 | D17: =SUM(D18:D20) -> 13244.276 | E17: =D17-C17 -> -451.319 | F17: =D17/C17*100 -> 96.704641
A18: Компенсація вартості комунальних послуг та енергоносіїв | B18: 1121 | C18: 2832.475 | D18: 2832.472 | E18: =D18-C18 -> -0.003 | F18: =D18/C18*100 -> 99.999894
A19: Капітальні інвестиції | B19: 1122 | C19: 1821.593 | D19: 1905.828 | E19: =D19-C19 -> 84.235 | F19: =D19/C19*100 -> 104.62425
A20: Інше (розшифрувати) | B20: 1123 | C20: 9041.527 | D20: ='Рядок 1123 Звіт (ціль.фін.інші)'!C20 -> 8505.976 | E20: =D20-C20 -> -535.551 | F20: =D20/C20*100 -> 94.076764
A21: Інші доходи | B21: 1130 | C21: =SUM(C22:C29) -> 7705.431 | D21: =SUM(D22:D29) -> 5782.2 | E21: =D21-C21 -> -1923.231 | F21: =D21/C21*100 -> 75.040579
A22: Дохід від надання немедичних послуг | B22: 1131 | C22: 7.803 | D22: 8.91 | E22: =D22-C22 -> 1.107 | F22: =D22/C22*100 -> 114.18685
A23: Дохід від надання майна в оренду | B23: 1132 | C23: 1951.796 | D23: 1923.963 | E23: =D23-C23 -> -27.833 | F23: =D23/C23*100 -> 98.57398
A24: Благодійні внески, гранти та дарунки (в грошовій формі) | B24: 1133 | C24: 1248 | D24: 0 | E24: =D24-C24 -> -1248 | F24: =D24/C24*100 -> 0
A25: Кошти, що отримуються підприємством на окремі доручення | B25: 1134 | C25: 0 | D25: 0 | E25: =D25-C25 -> 0 | F25: =D25/C25*100 -> #DIV/0!
A26: Безоплатне отримання активів | B26: 1135 | C26: 4157.072 | D26: 3470.06 | E26: =D26-C26 -> -687.012 | F26: =D26/C26*100 -> 83.473656
A27: Дохід від реалізації активів | B27: 1136 | C27: 0 | D27: 0 | E27: =D27-C27 -> 0 | F27: 0
A28: Відсотки по депозитах | B28: 1137 | C28: 0 | D28: 0 | E28: =D28-C28 -> 0 | F28: 0
A29: Інші (розшифрувати) | B29: 1138 | C29: 340.76 | D29: 379.267 | E29: =D29-C29 -> 38.507 | F29: =D29/C29*100 -> 111.30033
A30: ВИТРАТИ, всього (без амортизації), у томц числі: (розшифрувати) | B30: 1200 | C30: =SUM(C31:C42) -> 82451.043 | D30: =SUM(D31:D42) -> 77895.846 | E30: =D30-C30 -> -4555.197 | F30: =D30/C30*100 -> 94.475271
A31: Оплата праці | B31: 1201 | C31: 48971.929 | D31: ='Рядок 1200 Звіт (витрати)'!N8 -> 46340.191 | E31: =D31-C31 -> -2631.738 | F31: =D31/C31*100 -> 94.626027
A32: Нарахування на оплату праці | B32: 1202 | C32: 10426.085 | D32: ='Рядок 1200 Звіт (витрати)'!N9 -> 10043.954 | E32: =D32-C32 -> -382.131 | F32: =D32/C32*100 -> 96.334856
A33: Предмети, матеріали та інвентар | B33: 1203 | C33: 2142.35 | D33: ='Рядок 1200 Звіт (витрати)'!N10 -> 1467.413 | E33: =D33-C33 -> -674.937 | F33: =D33/C33*100 -> 68.495484
A34: Медикаменти та перев'язувальні матеріали | B34: 1204 | C34: 5504 | D34: ='Рядок 1200 Звіт (витрати)'!N11 -> 4943.383 | E34: =D34-C34 -> -560.617 | F34: =D34/C34*100 -> 89.814371
A35: Продукти харчування | B35: 1205 | C35: 215.122 | D35: ='Рядок 1200 Звіт (витрати)'!N12 -> 170.731 | E35: =D35-C35 -> -44.391 | F35: =D35/C35*100 -> 79.364733
A36: Оплата інших послуг (крім комунальних) | B36: 1206 | C36: 2859.797 | D36: ='Рядок 1200 Звіт (витрати)'!N13 -> 2856.088 | E36: =D36-C36 -> -3.709 | F36: =D36/C36*100 -> 99.870305
A37: Видатки на відрядження | B37: 1207 | C37: 0 | D37: ='Рядок 1200 Звіт (витрати)'!N14 -> 0 | E37: =D37-C37 -> 0 | F37: 0
A38: Оплата комунальних послуг та енергоносіїв | B38: 1208 | C38: 3976.401 | D38: ='Рядок 1200 Звіт (витрати)'!N15 -> 3974.969 | E38: =D38-C38 -> -1.432 | F38: =D38/C38*100 -> 99.963988
A39: Окремі заходи з реалізації державних (регіональних) програм, не віднесені до заходів розвитку | B39: 1209 | C39: 44.103 | D39: ='Рядок 1200 Звіт (витрати)'!N16 -> 44.103 | E39: =D39-C39 -> 0 | F39: =D39/C39*100 -> 100
A40: Виплата пенсій і допомоги | B40: 1210 | C40: 69.959 | D40: ='Рядок 1200 Звіт (витрати)'!N17 -> 69.953 | E40: =D40-C40 -> -0.006 | F40: =D40/C40*100 -> 99.991424
A41: Інші виплати населенню | B41: 1211 | C41: 7825.001 | D41: ='Рядок 1200 Звіт (витрати)'!N18 -> 7593.598 | E41: =D41-C41 -> -231.403 | F41: =D41/C41*100 -> 97.042774
A42: Інші витрати | B42: 1212 | C42: 416.296 | D42: ='Рядок 1200 Звіт (витрати)'!N19 -> 391.463 | E42: =D42-C42 -> -24.833 | F42: =D42/C42*100 -> 94.034773
A43: Амортизація | B43: 1300 | C43: 2694.477 | D43: 2254.721 | E43: =D43-C43 -> -439.756 | F43: =D43/C43*100 -> 83.679356
A44: ФІНАНСОВИЙ РЕЗУЛЬТАТ | B44: 1400 | C44: =C12-(C30+C43) -> 2571.959 | D44: =D12-(D30+D43) -> 5192.36 | E44: =D44-C44 -> 2620.401 | F44: =D44/C44*100 -> 201.88347
A45: ІІ. РОЗПОДІЛ ПРИБУТКУ
A46: Залишок нерозподіленого прибутку (непокритого збитку) на початок звітного періоду | B46: 2010 | C46: 10151.499 | D46: 10151.499 | E46: =D46-C46 -> 0 | F46: =D46/C46*100 -> 100
A47: Розвиток виробництва | B47: 2020 | C47: 3804.217 | D47: 0 | E47: =D47-C47 -> -3804.217 | F47: 0
A48: Резервний фонд | B48: 2030 | C48: 0 | D48: 0 | E48: =D48-C48 -> 0 | F48: 0
A49: Інші цілі (розшифрувати) | B49: 2040 | C49: 0 | D49: 0 | E49: =D49-C49 -> 0 | F49: 0
A50: Залишок нерозподіленого прибутку (непокритого збитку) на кінець звітного періоду | B50: 2050 | C50: =C44+C46-C47-C48-C49 -> 8919.241 | D50: =D44+D46-D47-D48-D49 -> 15343.859 | E50: =D50-C50 -> 6424.618 | F50: =D50/C50*100 -> 172.03099
A51: ІІІ. РОЗРАХУНКИ З БЮДЖЕТОМ
A52: Податки, збори та платежі до бюджету всього, у тому числі: | B52: 3000 | C52: =SUM(C53:C58) -> 20355.972 | D52: =SUM(D53:D58) -> 19418.353 | E52: =D52-C52 -> -937.619 | F52: =D52/C52*100 -> 95.393887
A53: податок на додану вартість | B53: 3010 | C53: 374.125 | D53: 349.254 | E53: =D53-C53 -> -24.871 | F53: =D53/C53*100 -> 93.352222
A54: військовий збір | B54: 3020 | C54: 734.578 | D54: 695.081 | E54: =D54-C54 -> -39.497 | F54: =D54/C54*100 -> 94.623171
A55: плата за землю | B55: 3030 | C55: 6.237 | D55: 6.237 | E55: =D55-C55 -> 0 | F55: =D55/C55*100 -> 100
A56: податок на дохід фізичних осіб | B56: 3040 | C56: 8814.947 | D56: 8324.174 | E56: =D56-C56 -> -490.773 | F56: =D56/C56*100 -> 94.432491
A57: єдиний внесок на загальнообов'язкове державне соціальне страхування | B57: 3050 | C57: 10426.085 | D57: 10043.607 | E57: =D57-C57 -> -382.478 | F57: =D57/C57*100 -> 96.331528
A58: інші (розшифрувати) | B58: 3060 | C58: 0 | D58: 0 | E58: =D58-C58 -> 0 | F58: 0
A59: ІV. РУХ ГРОШОВИХ КОШТІВ
A60: Залишок коштів на початок періоду | B60: 4010 | C60: 5412.506 | D60: 5412.506 | E60: =D60-C60 -> 0 | F60: =D60/C60*100 -> 100
A61: Залишок коштів на кінець періоду | B61: 4020 | C61: 7000 | D61: 7264.5 | E61: =D61-C61 -> 264.5 | F61: =D61/C61*100 -> 103.77857
A62: V. Капітальні інвестиції всього, в тому числі: (розшифрувати) | B62: 5000 | C62: =SUM(C63:C68) -> 5223.273 | D62: =SUM(D63:D68) -> 5160.456 | E62: =D62-C62 -> -62.817 | F62: =D62/C62*100 -> 98.797363
A63: капітальне будівництво | B63: 5010 | C63: ='Рядок 5000 Звіт(кап.інвест.)'!M7 -> 0 | D63: ='Рядок 5000 Звіт(кап.інвест.)'!N7 -> 0 | E63: =D63-C63 -> 0 | F63: 0
A64: придбання (виготовлення) основних засобів | B64: 5020 | C64: 1448.809 | D64: ='Рядок 5000 Звіт(кап.інвест.)'!N8 -> 1448.809 | E64: =D64-C64 -> 0 | F64: =D64/C64*100 -> 100
A65: придбання (виготовлення) інших необоротних матеріальних активів | B65: 5030 | C65: 2052.519 | D65: ='Рядок 5000 Звіт(кап.інвест.)'!N9 -> 1989.704 | E65: =D65-C65 -> -62.815 | F65: =D65/C65*100 -> 96.939614
A66: придбання (створення) нематеріальних активів | B66: 5040 | C66: ='Рядок 5000 Звіт(кап.інвест.)'!M10 -> 0 | D66: ='Рядок 5000 Звіт(кап.інвест.)'!N10 -> 0 | E66: =D66-C66 -> 0 | F66: 0
A67: модернізація, модифікація (добудова, дообладнання, реконструкція) основних засобів | B67: 5050 | C67: ='Рядок 5000 Звіт(кап.інвест.)'!M11 -> 0 | D67: ='Рядок 5000 Звіт(кап.інвест.)'!N11 -> 0 | E67: =D67-C67 -> 0 | F67: 0
A68: капітальний ремонт | B68: 5060 | C68: 1721.945 | D68: ='Рядок 5000 Звіт(кап.інвест.)'!N12 -> 1721.943 | E68: =D68-C68 -> -0.002 | F68: =D68/C68*100 -> 99.999884
A69: Залишкова вартість основних засобів (на кінець періоду) | B69: 5070 | C69: 58038.546 | D69: 56442.1 | E69: =D69-C69 -> -1596.446 | F69: =D69/C69*100 -> 97.249335
A70: VІ. КОЕФІЦІЄНТНИЙ АНАЛІЗ
A71: Рентабельність діяльності (фінансовий результат /дохід від реалізації продукції (товарів, робіт, послуг)х 100, % | B71: 6010 | C71: =C44/C13*100 -> 3.8783121 | D71: =D44/D13*100 -> 7.8296711 | E71: =D71-C71 -> 3.951359 | F71: =D71/C71*100 -> 201.88347
A72: Коефіцієнт відношення капітальних інвестицій до амортизації | B72: 6020 | C72: =C62/C43 -> 1.9385109 | D72: =D62/D43 -> 2.2887337 | E72: =D72-C72 -> 0.35022284 | F72: =D72/C72*100 -> 118.06659
A73: Коефіцієнт зносу основних засобів | B73: 6030 | C73: 0.201 | D73: 0.19 | E73: =D73-C73 -> -0.011 | F73: =D73/C73*100 -> 94.527363
A74: VІІ. ДАНІ ПРО ПЕРСОНАЛ ТА ОПЛАТУ ПРАЦІ
A75: Середня кількість працівників (штатних працівників, зовнішніх сумісників та працівників, що працюють за цивільно-правовими договорами), у т.ч.: | B75: 7100 | C75: =SUM(C76:C81) -> 404.25 | D75: =SUM(D76:D81) -> 341 | E75: =D75-C75 -> -63.25 | F75: =D75/C75*100 -> 84.353741
A76: Директор | B76: 7110 | C76: 1 | D76: 1 | E76: =D76-C76 -> 0 | F76: =D76/C76*100 -> 100
A77: Лікарі | B77: 7120 | C77: 110 | D77: 95 | E77: =D77-C77 -> -15 | F77: =D77/C77*100 -> 86.363636
A78: Фахівці з базовою та неповною вищою медичною освітою | B78: 7130 | C78: 144.5 | D78: 118 | E78: =D78-C78 -> -26.5 | F78: =D78/C78*100 -> 81.6609
A79: Молодший медичний персонал | B79: 7140 | C79: 40 | D79: 36 | E79: =D79-C79 -> -4 | F79: =D79/C79*100 -> 90
A80: Спеціалісти (немедики) | B80: 7150 | C80: 23 | D80: 18 | E80: =D80-C80 -> -5 | F80: =D80/C80*100 -> 78.26087
A81: Інший персонал | B81: 7160 | C81: 85.75 | D81: 73 | E81: =D81-C81 -> -12.75 | F81: =D81/C81*100 -> 85.131195
A82: Фонд оплати праці, у т.ч.: | B82: 7200 | C82: =SUM(C83:C88) -> 48971.929 | D82: =SUM(D83:D88) -> 46340.191 | E82: =D82-C82 -> -2631.738 | F82: =D82/C82*100 -> 94.626027
A83: Директор | B83: 7210 | C83: 434 | D83: 432.406 | E83: =D83-C83 -> -1.594 | F83: =D83/C83*100 -> 99.632719
A84: Лікарі | B84: 7220 | C84: 20605.029 | D84: 20335.419 | E84: =D84-C84 -> -269.61 | F84: =D84/C84*100 -> 98.691533
A85: Фахівці з базовою та неповною вищою медичною освітою | B85: 7230 | C85: 17789.3 | D85: 15574.583 | E85: =D85-C85 -> -2214.717 | F85: =D85/C85*100 -> 87.550286
A86: Молодший медичний персонал | B86: 7240 | C86: 2484.407 | D86: 2442.525 | E86: =D86-C86 -> -41.882 | F86: =D86/C86*100 -> 98.314205
A87: Спеціалісти (немедики) | B87: 7250 | C87: 2488.593 | D87: 2466.595 | E87: =D87-C87 -> -21.998 | F87: =D87/C87*100 -> 99.116047
A88: Інший персонал | B88: 7260 | C88: 5170.6 | D88: 5088.663 | E88: =D88-C88 -> -81.937 | F88: =D88/C88*100 -> 98.415329
A89: Середньомісячні витрати на оплату праці одного працівника, у т.ч.: | B89: 7300 | C89: =C82/C75/9 -> 13.460298 | D89: =D82/D75/9 -> 15.099443 | E89: =D89-C89 -> 1.6391452 | F89: =D89/C89*100 -> 112.17763
A90: Директор | B90: 7310 | C90: =C83/C76/9 -> 48.222222 | D90: =D83/D76/9 -> 48.045111 | E90: =D90-C90 -> -0.17711111 | F90: =D90/C90*100 -> 99.632719
A91: Лікарі | B91: 7320 | C91: =C84/C77/9 -> 20.813161 | D91: =D84/D77/9 -> 23.784116 | E91: =D91-C91 -> 2.9709552 | F91: =D91/C91*100 -> 114.27441
A92: Фахівці з базовою та неповною вищою медичною освітою | B92: 7330 | C92: =C85/C78/9 -> 13.678816 | D92: =D85/D78/9 -> 14.665332 | E92: =D92-C92 -> 0.98651655 | F92: =D92/C92*100 -> 107.212
A93: Молодший медичний персонал | B93: 7340 | C93: =C86/C79/9 -> 6.9011306 | D93: =D86/D79/9 -> 7.5386574 | E93: =D93-C93 -> 0.63752685 | F93: =D93/C93*100 -> 109.23801
A94: Спеціалісти (немедики) | B94: 7350 | C94: =C87/C80/9 -> 12.022188 | D94: =D87/D80/9 -> 15.225895 | E94: =D94-C94 -> 3.2037067 | F94: =D94/C94*100 -> 126.64828
A95: Інший персонал | B95: 7360 | C95: =C88/C81/9 -> 6.699838 | D95: =D88/D81/9 -> 7.7453014 | E95: =D95-C95 -> 1.0454633 | F95: =D95/C95*100 -> 115.60431
A97: Керівник підприємства | E97: Стецюк Л.І.
B98: (підпис) | E98: (П.І.Б.)
A99: Головний бухгалтер | E99: Сарана О.О.
B100: (підпис) | E100: (П.І.Б.)

Sheet Рядок 1123 Звіт (ціль.фін.інші)
A2: Розшифрування рядка 1123 "Інші доходи за програмами цільового фінансування" Звіту про виконання фінансового плану за 9 місяців 2022 року
C4: тис.грн.
A5: Найменування | B5: план | C5: факт
A6: Оплата праці | B6: 0 | C6: 0
A7: Нарахування на оплату праці | B7: 0 | C7: 0
A8: Предмети, матеріали та інвентар | B8: 423.767 | C8: 147.518
A9: Медикаменти та перев'язувальні матеріали | B9: 566 | C9: 542.177
A10: Продукти харчування | B10: 158.4 | C10: 152.73
A11: Оплата інших послуг (крім комунальних) | B11: 0 | C11: 0
A12: Видатки на відрядження | B12: 0 | C12: 0
A13: Оплата комунальних послуг та енергоносіїв | B13: 0 | C13: 0
A14: Окремі заходи з реалізації державних (регіональних) програм, не віднесені до заходів розвитку | B14: 0 | C14: 0
A15: Виплата пенсій і допомоги | B15: 69.959 | C15: 69.953
A16: Інші виплати населенню | B16: 7823.401 | C16: 7593.598
A17: Інші витрати | B17: 0 | C17: 0
... A19: Нарахування на оплату праці лікарям -інтернам першого року навчання (дердавний бюджет) | B19: 0 | C19: 0
A20: Всього | B20: =SUM(B6:B19) -> 9041.527 | C20: =SUM(C6:C19) -> 8505.976
A23: Головний бухгалтер | B23: Сарана О.О.
B24: (підпис) | C24: (П.І.Б.)

Sheet Рядок 1200 Звіт (витрати)
A1: КНП "Центр первинної медико - санітарної допомоги №2"
A2: Розшифрування рядка 1200 "Витрати" Звіту про виконання фінансового плану за 9 місяців 2022 року
M3: тис.грн.
B4: Код рядка | C4: За рахунок коштів: | M4: Всього
C5: НСЗУ | E5: міського бюджету | G5: обласного бюджету | I5: державного бюджету | K5: інших надходжень
C6: план | D6: факт | E6: план | F6: факт | G6: план | H6: факт | I6: план | J6: факт | K6: план | L6: факт | M6: план | N6: факт
A7: ВИТРАТИ, всього (без амортизації) | B7: 1200 | C7: =SUM(C8:C19) -> 64057.503 | D7: =SUM(D8:D19) -> 60619.798 | E7: =SUM(E8:E19) -> 11874.002 | F7: =SUM(F8:F19) -> 11338.448 | G7: =SUM(G8:G19) -> 0 | H7: =SUM(H8:H19) -> 0 | I7: =SUM(I8:I19) -> 0 | J7: =SUM(J8:J19) -> 0 | ... L7: =SUM(L8:L19) -> 5937.6 | M7: =C7+E7+G7+I7+K7 -> 82451.043 | N7: =D7+F7+H7+J7+L7 -> 77895.846
A8: Оплата праці | B8: 1201 | C8: 48967 | D8: 46336.316 | E8: 0 | F8: 0 | G8: 0 | H8: 0 | I8: 0 | J8: 0 | K8: 4.929 | L8: 3.875 | M8: =C8+E8+G8+I8+K8 -> 48971.929 | N8: =D8+F8+H8+J8+L8 -> 46340.191
A9: Нарахування на оплату праці | B9: 1202 | C9: 10425 | D9: 10043.102 | E9: 0 | F9: 0 | G9: 0 | H9: 0 | I9: 0 | J9: 0 | K9: 1.085 | L9: 0.852 | M9: =C9+E9+I9+K9 -> 10426.085 | N9: =D9+F9+H9+J9+L9 -> 10043.954
A10: Предмети, матеріали та інвентар | B10: 1203 | C10: 1180.1 | D10: 941.065 | E10: 423.767 | F10: 147.518 | G10: 0 | H10: 0 | I10: 0 | J10: 0 | K10: 538.483 | L10: 378.83 | M10: =C10+E10+G10+I10+J10+K10 -> 2142.35 | N10: =D10+F10+H10+J10+L10 -> 1467.413
A11: Медикаменти та перев'язувальні матеріали | B11: 1204 | C11: 901.3 | D11: 715.684 | E11: 566 | F11: 542.177 | G11: 0 | H11: 0 | I11: 0 | J11: 0 | K11: 4036.7 | L11: 3685.522 | M11: =C11+E11+G11+I11+J11+K11 -> 5504 | N11: =D11+F11+H11+J11+L11 -> 4943.383
A12: Продукти харчування | B12: 1205 | C12: 0 | D12: 0 | E12: 158.4 | F12: 152.73 | G12: 0 | H12: 0 | I12: 0 | J12: 0 | K12: 56.722 | L12: 18.001 | M12: =C12+E12+G12+I12+J12+K12 -> 215.122 | N12: =D12+F12+H12+J12+L12 -> 170.731
A13: Оплата інших послуг (крім комунальних) | B13: 1206 | C13: 2540 | D13: 2539.528 | E13: 0 | F13: 0 | G13: 0 | H13: 0 | I13: 0 | J13: 0 | K13: 319.797 | L13: 316.56 | M13: =C13+E13+G13+I13+J13+K13 -> 2859.797 | N13: =D13+F13+H13+J13+L13 -> 2856.088
A14: Видатки на відрядження | B14: 1207 | C14: 0 | D14: 0 | E14: 0 | F14: 0 | G14: 0 | H14: 0 | I14: 0 | J14: 0 | K14: 0 | L14: 0 | M14: 0 | N14: 0
A15: Оплата комунальних послуг та енергоносіїв | B15: 1208 | C15: 0 | D15: 0 | E15: 2832.475 | F15: 2832.472 | G15: 0 | H15: 0 | I15: 0 | J15: 0 | K15: 1143.926 | L15: 1142.497 | M15: =C15+E15+G15+I15+J15+K15 -> 3976.401 | N15: =D15+F15+H15+J15+L15 -> 3974.969
A16: Окремі заходи з реалізації державних (регіональних) програм, не віднесені до заходів розвитку | B16: 1209 | C16: 44.103 | D16: 44.103 | E16: 0 | F16: 0 | G16: 0 | H16: 0 | I16: 0 | J16: 0 | K16: 0 | L16: 0 | M16: =C16+E16+G16+I16+J16+K16 -> 44.103 | N16: =D16+F16+H16+J16+L16 -> 44.103
A17: Виплата пенсій і допомоги | B17: 1210 | C17: 0 | D17: 0 | E17: 69.959 | F17: 69.953 | G17: 0 | H17: 0 | I17: 0 | J17: 0 | K17: 0 | L17: 0 | M17: =C17+E17+G17+I17+J17+K17 -> 69.959 | N17: =D17+F17+H17+J17+L17 -> 69.953
A18: Інші виплати населенню | B18: 1211 | C18: 0 | D18: 0 | E18: 7823.401 | F18: 7593.598 | G18: 0 | H18: 0 | I18: 0 | J18: 0 | K18: 1.6 | L18: 0 | M18: =C18+E18+G18+I18+J18+K18 -> 7825.001 | N18: =D18+F18+H18+J18+L18 -> 7593.598
A19: Інші витрати | B19: 1212 | C19: 0 | D19: 0 | E19: 0 | F19: 0 | G19: 0 | H19: 0 | I19: 0 | J19: 0 | K19: 416.296 | L19: 391.463 | M19: =C19+E19+G19+I19+J19+K19 -> 416.296 | N19: =D19+F19+H19+J19+L19 -> 391.463
A22: Головний бухгалтер | I22: Сарана О.О.
E23: (підпис) | G23: (П.І.Б.)

Sheet Рядок 5000 Звіт(кап.інвест.)
B1: КНП "Центр первинної медико - санітарної допомоги №2"
B2: Розшифрування рядка 5000 "Капітальні інвестиції" Звіту про виконання фінансового плану за 9 місяців 2022 року
N3: тис.грн.
B4: За рахунок коштів:
C5: НСЗУ | E5: міського бюджету | G5: обласного бюджету | I5: державного бюджету | K5: інших надходжень | M5: Всього
C6: план | D6: факт | E6: план | F6: факт | G6: план | H6: факт | I6: план | J6: факт | K6: план | L6: факт | M6: план | N6: факт
B7: капітальне будівництво | C7: 0 | D7: 0 | E7: 0 | F7: 0 | G7: 0 | H7: 0 | I7: 0 | J7: 0 | K7: 0 | L7: 0 | M7: =C7+E7+G7+I7+K7 -> 0 | N7: =D7+F7+H7+J7+L7 -> 0
B8: придбання (виготовлення) основних засобів | C8: 291.645 | D8: 291.645 | E8: 0 | F8: 0 | G8: 0 | H8: 0 | I8: 0 | J8: 0 | K8: 1157.164 | L8: 1157.164 | M8: =C8+E8+G8+I8+K8 -> 1448.809 | N8: =D8+F8+H8+J8+L8 -> 1448.809
B9: придбання (виготовлення) інших необоротних матеріальних активів | C9: 1219.8 | D9: 1156.986 | E9: 0 | F9: 0 | G9: 0 | H9: 0 | I9: 0 | J9: 0 | K9: 832.719 | L9: 832.718 | M9: =C9+E9+G9+I9+K9 -> 2052.519 | N9: =D9+F9+H9+J9+L9 -> 1989.704
B10: придбання (створення) нематеріальних активів | C10: 0 | D10: 0 | E10: 0 | F10: 0 | G10: 0 | H10: 0 | I10: 0 | J10: 0 | K10: 0 | L10: 0 | M10: =C10+E10+G10+I10+K10 -> 0 | N10: =D10+F10+H10+J10+L10 -> 0
B11: модернізація, модифікація (добудова, дообладнання, реконструкція) основних засобів | C11: 0 | D11: 0 | E11: 0 | F11: 0 | G11: 0 | H11: 0 | I11: 0 | J11: 0 | K11: 0 | L11: 0 | M11: =C11+E11+G11+I11+K11 -> 0 | N11: =D11+F11+H11+J11+L11 -> 0
B12: капітальний ремонт | C12: 1721.945 | D12: 1721.943 | E12: 0 | F12: 0 | G12: 0 | H12: 0 | I12: 0 | J12: 0 | K12: 0 | L12: 0 | M12: =C12+E12+G12+I12+K12 -> 1721.945 | N12: =D12+F12+H12+J12+L12 -> 1721.943
B13: Всього | C13: =SUM(C7:C12) -> 3233.39 | D13: =SUM(D7:D12) -> 3170.574 | E13: =SUM(E7:E12) -> 0 | F13: =SUM(F7:F12) -> 0 | G13: =SUM(G7:G12) -> 0 | H13: =SUM(H7:H12) -> 0 | I13: =SUM(I7:I12) -> 0 | J13: =SUM(J7:J12) -> 0 | ... N13: =SUM(N7:N12) -> 5160.456
B15: Головний бухгалтер | E15: Сарана О.О.
C16: (підпис) | E16: (П.І.Б.)
